 Dungeon Crawl Stone Soup version 0.17-a0-2215-g49c1de0 (webtiles) character file.

84 Kolbur the Chiller (level 4, -1/30 HPs)
             Began as a Merfolk Ice Elementalist on Oct 27, 2015.
             Slain by Grinder (3 damage)
             ... on level 4 of the Dungeon.
             The game lasted 00:13:15 (997 turns).

Kolbur the Chiller (Merfolk Ice Elementalist)        Turns: 997, Time: 00:13:15

Health: -1/30      AC:  2    Str:  8    XL:     4   Next: 45%
Magic:  2/7        EV: 17    Int: 15    God:
Gold:   71         SH:  0    Dex: 14    Spells: 2 memorised, 3 levels left

rFire  . . .     SeeInvis .     g - +0 trident
rCold  . . .     Clarity  +     a - +0 robe
rNeg   . . .     SustAt   .     (no shield)
rPois  .         Gourm    .     (no helmet)
rElec  .         Spirit   .     (no cloak)
rCorr  .         Warding  .     (no gloves)
rMut   .         Stasis   .     (no boots)
MR     .....                    r - amulet of clarity
Stlth  ++........               (no ring)
                                f - +4 ring of evasion

@: very slightly contaminated, not resistant to hostile enchantments, unstealthy
A: change form in water, swift swim
a: no special abilities


You were on level 4 of the Dungeon.
You were hungry.

You visited 1 branch of the dungeon, and saw 4 of its levels.

You collected 71 gold pieces.

Inventory:

Hand Weapons
 g - a +0 trident (weapon)
 p - a +0 hand axe of freezing
Missiles
 d - 101 stones (quivered)
 m - 20 poisoned needles
Armour
 a - a +0 robe (worn)
Jewellery
 f - a +4 ring of evasion (left hand)
 r - an amulet of clarity (around neck)
Scrolls
 i - a scroll of amnesia {unknown}
 l - a scroll of remove curse {unknown}
 s - a scroll of identify
Potions
 e - 2 potions of curing {unknown}
 j - 3 potions of haste
 k - a potion of heal wounds
 n - a potion of agility {unknown}
 o - 2 potions of flight {unknown}
Books
 b - a book of Frost

   Spells                             Type                      Level
   a - Freeze                         Ice                          1
   b - Throw Frost                    Conjuration/Ice              2
   c - Ozocubu's Armour               Charms/Ice                   3
   d - Throw Icicle                   Conjuration/Ice              4
   e - Summon Ice Beast               Ice/Summoning                4
   f - Condensation Shield            Ice                          4
Comestibles
 c - a bread ration
 h - 2 meat rations
 t - a slice of pizza


   Skills:
 * Level 2.7 Polearms
 - Level 2.6 Dodging
 - Level 2.1 Stealth
 - Level 2.0 Spellcasting
   Level 0.7 Conjurations
 + Level 0.7 Charms
 - Level 5.0 Ice Magic


You had 3 spell levels left.
You knew the following spells:

 Your Spells              Type           Power        Failure   Level  Hunger
a - Freeze                Ice            ###.         2%          1    #......
o - Ozocubu's Armour      Chrm/Ice       ##......     24%         3    ###....


Dungeon Overview and Level Annotations

Branches:
Dungeon (4/15)
 Temple: D:4-7

Altars:
Okawaru
Trog

Annotations:
D:4 Dowan, Duvessa, Grinder


Message History

Grinder barely misses you.
Grinder says, "You look like you could use a good racking."
Grinder gestures.
Grinder blinks!
Grinder gestures at you.
You suddenly lose the ability to move!
Grinder gestures at you. Pain shoots through your body!
You can move again.
Grinder gestures at you. Pain shoots through your body!
* * * LOW HITPOINT WARNING * * *
There is a stone staircase leading up here.
You completely miss Grinder. Grinder closely misses you.
Grinder barely misses you.
You closely miss Grinder. Grinder gestures at you.
You barely resist. You completely miss Grinder. Grinder hits you.
You die...

#... ##
#...###( #
#..#.###.#.#
#..#.....e...#
#.#.#.####.###
...#.# #.#.#
#####...#
#...@5..# #
#.###..##
#.#.###..#####
#.............e
##.#.##..######
##.#..# ##...#
# #.##.#
.#.###.#


You could see Grinder.

Vanquished Creatures
  3 adders (D:2)
  An ooze (D:3)
  2 worms
  A giant gecko (D:3)
  5 orcs (D:3)
  2 giant cockroaches (D:2)
  3 goblins
  3 hobgoblins
  3 jackals (D:3)
  6 kobolds
  2 quokkas
  3 bats
  5 giant newts
  3 rats
42 creatures vanquished.

Notes
Turn   | Place    | Note
--------------------------------------------------------------
     0 | D:1      | Kolbur the Merfolk Ice Elementalist began the quest for the Orb.
     0 | D:1      | Reached XP level 1. HP: 13/13 MP: 3/3
   146 | D:1      | Reached XP level 2. HP: 16/19 MP: 0/5
   154 | D:1      | Reached skill level 4 in Ice Magic
   423 | D:2      | Reached XP level 3. HP: 24/24 MP: 1/6
   588 | D:2      | Reached skill level 1 in Polearms
   619 | D:3      | Reached skill level 5 in Ice Magic
   625 | D:3      | Learned a level 3 spell: Ozocubu's Armour
   679 | D:3      | Reached XP level 4. HP: 28/30 MP: 7/7
   858 | D:3      | Found an iron altar of Okawaru.
   858 | D:3      | Found a bloodstained altar of Trog.
   947 | D:4      | Noticed Duvessa
   984 | D:4      | Noticed Grinder
   988 | D:4      | Noticed Dowan
   990 | D:4      | Paralysed by Grinder for 2 turns
   997 | D:4      | Slain by Grinder

Vault maps used:
D:1:      scummos_arrival_star
D:2:      ecumenical_altar_2
D:3:      nicolae_overflow_hidden_temple
D:4:      kennysheep_little_box, uniq_duvessa, uniq_grinder

Action                   |  1- 3 |  4- 6 || total
-------------------------+-------+-------++-------
Melee: Short sword       |    14 |       ||    14
       Trident           |    14 |    21 ||    35
Throw: Stone             |    11 |     1 ||    12
 Cast: Freeze            |    33 |    16 ||    49
  Use: Scroll            |     2 |       ||     2
 Stab: Sleeping          |     7 |     2 ||     9
  Eat: Chunk             |       |     1 ||     1

Vault maps used:
D:1:      scummos_arrival_star
D:2:      ecumenical_altar_2
D:3:      nicolae_overflow_hidden_temple
D:4:      kennysheep_little_box, uniq_duvessa, uniq_grinder

Table legend:
 A = Turns spent in this place as a percentage of turns spent in the entire game.
 B = Non-inter-level travel turns spent in this place as a percentage of non-inter-level travel turns spent in the entire game.
 C = Inter-level travel turns spent in this place as a percentage of turns spent in this place.
 D = Turns resting spent in this place as a percentage of non-inter-level travel turns spent in this place.
 E = Turns spent auto-exploring this place as a percentage of non-inter-level travel turns spent in this place.
 F = Non-inter-level travel turns spent in this place divided by the number of levels of this place that you've seen.
                   A       B       C       D       E      F
               +-------+-------+-------+-------+-------+----------------------
         Total | 100.0 | 100.0 |   0.3 |   0.0 |   0.0 | 234.0
       Dungeon | 100.0 | 100.0 |   0.3 |   0.0 |   0.0 | 234.0
               +-------+-------+-------+-------+-------+----------------------
